 Dungeon Sprint DCSS version 0.30-a0-219-gf2db51d15e (webtiles) character file.

Game seed: 17735590069504212971

10 shadowstone the Trooper (level 2, -3/20 HPs)
             Began as a Gargoyle Fighter on Oct 6, 2022.
             Was a Plaything of Xom.
             Slain by a troll (9 damage)
             ... in the Dungeon (Sprint V: "Ziggurat Sprint") on Oct 7, 2022.
             The game lasted 00:02:07 (174 turns).

shadowstone the Trooper (Gargoyle Fighter)           Turns: 174, Time: 00:02:14

Health: -3/20      AC:  9    Str: 19    XL:     2   Next: 20%
Magic:  2/2        EV:  7    Int:  8    God:    Xom [..*...]
Gold:   0          SH: 12    Dex: 15    Spells: 1/1 levels left

rFire   . . .      SeeInvis +    B - +14 obsidian axe {vorpal, Mesm Drain Fly SInv}
rCold   . . .      Faith    .    C - +3 kite shield
rNeg    + . .      Spirit   .    b - +0 scale mail
rPois   ∞          Reflect  .    (no helmet)
rElec   +          Harm     .    (no cloak)
rCorr   .          Rampage  .    (no gloves)
Will    .....      NoTele   +    (no boots)
Stlth   ..........               (no amulet)
HPRegen 0.23/turn                l - +6 ring of dexterity
MPRegen 0.08/turn                (no ring)

@: flying, mesmerised
A: sickness immunity, AC +2, negative energy resistance 1, electricity
resistance, torment resistance 1, petrification resistance
a: Renounce Religion


You were in the Dungeon.
You worshipped Xom.
You were a toy of Xom.
You visited 1 branch

Inventory:

Hand Weapons
 a - a +0 long sword
 B - the +14 obsidian axe (weapon) {vorpal, Mesm Drain Fly SInv}
   (You found it in the Dungeon)

   It inflicts extra damage upon your enemies.
   It occasionally summons demons to assist the wielder when it strikes in
   combat.
   Its wielder is mesmerised by any visible foes.
   It cannot be unequipped while any foes are visible.
   SInv:      It lets you see invisible.
   Fly:       It grants you flight.
   Drain:     It drains your maximum health when unequipped.
Armour
 b - a +0 scale mail (worn)
 c - a +0 buckler
 C - a +3 kite shield (worn)
Jewellery
 k - a ring of flight
 l - a +6 ring of dexterity (left hand)
 m - a +6 ring of dexterity
 n - a +6 ring of intelligence
 o - a +6 ring of intelligence
 p - a +6 ring of strength
 q - a +6 ring of strength
Wands
 y - a wand of mindburst (7)
 A - a wand of acid (7)
Scrolls
 j - 4 scrolls of blinking
 r - 4 scrolls of amnesia
 s - 7 scrolls of butterflies
 t - 5 scrolls of identify
 u - 2 scrolls of fear
Potions
 d - 6 potions of might
 e - 10 potions of curing
 f - 10 potions of heal wounds
 g - 6 potions of haste
 h - 7 potions of magic
 i - 3 potions of berserk rage
 v - 2 potions of brilliance
 w - 2 potions of invisibility
 x - 4 potions of resistance
 z - a potion of experience
Miscellaneous
 D - a phantom mirror


   Skills:
 + Level 4.2 Fighting
 + Level 2.1 Long Blades
 + Level 0.6 Axes
 + Level 4.1 Armour
 + Level 4.0 Shields


You had one spell level left.
You didn't know any spells.
Your spell library contained the following spells:

 Spells                   Type           Power      Damage    Failure   Level
 Inner Flame              Hex/Fire       0%         N/A       100%        3
 Cause Fear               Hex            0%         N/A       100%        4
 Discord                  Hex            0%         N/A       100%        8


Dungeon Overview and Level Annotations

Branches:
Dungeon (1/1)

Altars:
Ashenzari
Cheibriados
Dithmenos
Elyvilon
Fedhas
Gozag
Hepliaklqana
Kikubaaqudgha
Makhleb
Nemelex Xobeh
Okawaru
Qazlal
Ru
Sif Muna
Trog
Uskayaw
Vehumet
Wu Jian
Xom
Yredelemnul
Zin
The Shining One
Jiyva
Lugonu

Annotations:
D 1 transporter


Innate Abilities, Weirdness & Mutations

You are immune to sickness and miasma.
Your stone body is resilient. (AC +2)
You are immune to poison.
You resist negative energy. (rN+)
You are resistant to electric shocks. (rElec)
You are resistant to unholy torment.
You are immune to petrification.


Message History

You cannot move away from the river rat!
You cannot move away from the river rat!
You cannot move away from the river rat!
You cannot move away from the river rat!
You cannot move away from the river rat!
The river rat bites you.
You see here a jackal corpse.
You slash the river rat!
You break out of your daze!
You kill the river rat!
Your Fighting skill increases to level 4!
Your Long Blades skill increases to level 2!
Your Armour skill increases to level 4!
Your Shields skill increases to level 4!
You have reached level 2!
You pick up a book of Hexes and begin reading...
You add the spells Inner Flame, Cause Fear and Discord to your library.
You see here a phantom mirror.
You see here a phantom mirror.
D - a phantom mirror You feel agile.
l - a +6 ring of dexterity (left hand)
You see here a jackal corpse.
There is a transporter landing site here.
You see here a jackal corpse.
There is a transporter here.
Welcome to arena 2.
You enter the transporter and appear at another place.
An ogre, a two-headed ogre and a troll come into view.
Visions of slaying the two-headed ogre flood into your mind.
The ogre shouts!
The two-headed ogre shouts in stereo!
The troll shouts!
Found three items.
Found a transporter.
The two-headed ogre hits you with a +0 dire flail!
A shower of butterflies erupts from you!
You block the two-headed ogre's attack.
The ogre hits you with a +0 giant spiked club.
* * * LOW HITPOINT WARNING * * *
You block the troll's attack. The troll claws you!
You die...
Xom chuckles heartily!

▓▓▓▓▓▓▓▓▓▓▓▓▓
▓.8©8.▓.8©8.▓
▓.[[:.▓.....▓
▓b....▓.....▓
▓.OOT.▓..†..▓
▓..@..▓.....▓
▓.b...▓..©..▓
▓..©..▓▓▓▓▓▓▓
▓▓▓▓▓▓▓


You could see a two-headed ogre (mesmerising, ally target), a troll and an ogre.

Vanquished Creatures
  A river rat (D)
  A jackal (D)
2 creatures vanquished.

Notes
Turn   | Place    | Note
-------+----------+-------------------------------------------
     0 | D        | shadowstone the Gargoyle Fighter began the quest for the
                  | Orb.
     0 | D        | Reached XP level 1. HP: 14/14 MP: 1/1
     0 | D        | Found a shimmering blue altar of Sif Muna.
     0 | D        | Found a bloodstained altar of Trog.
     0 | D        | Found a sacrificial altar of Ru.
     0 | D        | Found a stormy altar of Qazlal.
     0 | D        | Found an iron altar of Okawaru.
     3 | D        | Found a sparkling altar of Nemelex Xobeh.
     3 | D        | Found the +6 Majin-Bo {vamp, MP+6 Int+6}
     3 | D        | Found the +9 heavy crossbow "Sniper" {vorpal, Acc+∞ SInv}
     3 | D        | Found the +10 dark maul {vorpal}
     3 | D        | Found the +15 Maxwell's patent armour {-Cast -Tele rElec
                  | Will+ rCorr}
     3 | D        | Found the +18 shield of the Gong {rElec rN+ Will+ EV-5}
     3 | D        | Found the +14 obsidian axe {vorpal, Mesm Drain Fly SInv}
     3 | D        | Found the +7 great mace "Firestarter" {inner flame, rF++}
     3 | D        | Found the +6 shillelagh "Devastator" {shatter}
     3 | D        | Found the +11 plutonium sword {Contam Stlth-}
     3 | D        | Found the +8 lance "Wyrmbane" {slay drac, rPois rF+ rC+
                  | AC+3}
     3 | D        | Found the +9 sword of Zonguldrok {reap}
     3 | D        | Found the +13 scythe of Curses {drain, Drain}
     3 | D        | Found the +5 sword of Power {vorpal}
     3 | D        | Found the +7 mace of Variability {chain chaos}
     3 | D        | Found the +7 Singing Sword {vorpal, sonic wave}
     3 | D        | Found the +8 storm bow {elec, penet}
     4 | D        | Found an ancient bone altar of Kikubaaqudgha.
     4 | D        | Found a corrupted altar of Lugonu.
     4 | D        | Found a transporter.
     4 | D        | Found a burning altar of Makhleb.
     4 | D        | Found a viscous altar of Jiyva.
     4 | D        | Found a hazy altar of Hepliaklqana.
     9 | D        | Found an opulent altar of Gozag.
    10 | D        | Found a blossoming altar of Fedhas.
   135 | D        | Became a worshipper of Xom of Chaos
   148 | D        | Entered arena 2.
   148 | D        | Found a transporter.
   155 | D        | Reached XP level 2. HP: 20/20 MP: 2/2
   172 | D        | Entered arena 3.
   172 | D        | Noticed an ogre
   172 | D        | Noticed a two-headed ogre
   172 | D        | Noticed a troll
   172 | D        | Found a transporter.
   174 | D        | XOM: butterfly on damage
   174 | D        | Slain by a troll

Illustrated notes

Levels and vault maps discovered:
D:        sprint_v [room_start, room_1, room_2, room_3, room_4, room_5, room_6,
          room_7, room_8, room_9, room_10, room_11, room_12, room_13, room_14,
          room_15, room_16, room_17, room_18, room_19, room_20, room_21,
          room_22, room_23, room_24, room_25, room_26, room_27]

Skill      XL: |  1 |
---------------+----+-----
Fighting       | 4 |  4.2
Long Blades    | 2 |  2.1
Armour         | 4 |  4.1
Shields        | 4 |  4.0
Axes           | |  0.6

Action                   || total
-------------------------++-------
Melee: Broad axe         ||     2
Armor: Scale mail        ||     2
Block: Kite shield       ||     6

Table legend: (Time is in decaauts)
 A = Elapsed time spent in this place.
 B = Non-inter-level travel time spent in this place.
 C = Inter-level travel time spent in this place.
 D = Time resting spent in this place.
 E = Time spent auto-exploring this place.
 F = Levels seen in this place.
 G = Mean time per level.
                   A        B        C        D        E       F      G
               +--------+--------+--------+--------+--------+-----+--------+
         Total |    174 |    171 |      3 |      0 |      0 |   1 |  174.0 |
       Dungeon |    174 |    171 |      3 |      0 |      0 |   1 |  174.0 |
               +--------+--------+--------+--------+--------+-----+--------+

Top non-repeatable levels by time:
       D: 174 daAuts
